 Dungeon Crawl Stone Soup version 0.30-a0-389-g8d7d949f56 (webtiles) character file.

Game seed: 1755916001390890384

8566 PyroL the Merchant of Misery (level 11, -1/84 HPs)
             Began as a Demonspawn Necromancer on Dec 3, 2022.
             Was a Believer of Kikubaaqudgha.
             Slain by an orange demon (12 damage)
             ... on level 10 of the Dungeon.
             The game lasted 00:41:09 (12843 turns).

PyroL the Merchant of Misery (DsNe)                Turns: 12843, Time: 00:41:10

Health: -1/84      AC:  7    Str:  9    XL:     11   Next: 11%
Magic:  22/22      EV: 16    Int: 21    God:    Kikubaaqudgha [**....]
Gold:   614        SH:  0    Dex: 13    Spells: 15/24 levels left

rFire   + . .      SeeInvis +    h - +2 spear (vorpal)
rCold   . . .      Faith    .    (no shield)
rNeg    . . .      Spirit   .    a - +0 robe
rPois   .          Reflect  .    A - +2 hat
rElec   .          Harm     .    (no cloak)
rCorr   +          Rampage  .    (no gloves)
Will    .....                    (no boots)
Stlth   ++........               (no amulet)
HPRegen 0.34/turn                z - ring "Kukushar" {rF+ rCorr SInv}
MPRegen 0.36/turn                v - +4 ring of evasion

@: weakened
A: claws 1, yellow scales 2, magic regeneration, demonic magic 1
a: Renounce Religion, Unearth Wretches


You were on level 10 of the Dungeon.
You worshipped Kikubaaqudgha.
Kikubaaqudgha was pleased with you.
You visited 2 branches of the dungeon, and saw 11 of its levels.

You collected 614 gold pieces.

Inventory:

Hand Weapons
 h - a +2 vorpal spear (weapon)
 p - a +0 war axe of electrocution
Missiles
 u - 14 poisoned darts
Armour
 a - a +0 robe (worn)
 A - a +2 hat (worn)
Jewellery
 m - a +6 ring of dexterity
 v - a +4 ring of evasion (right claw)
 z - the ring "Kukushar" (left claw) {rF+ rCorr SInv}
   (You found it on level 5 of the Dungeon)

   [ring of see invisible]

   rF:        It protects you from fire.
   SInv:      It lets you see invisible.
   rCorr:     It protects you from acid and corrosion.
 E - a +4 ring of protection
Wands
 w - a wand of flame (47)
 B - a wand of paralysis (8)
 D - a wand of roots (6)
Scrolls
 c - 2 scrolls of magic mapping
 d - a scroll of fear {unknown}
 e - a scroll of blinking {unknown}
 f - a scroll of noise {unknown}
 g - 3 scrolls of enchant weapon
 j - 2 scrolls of teleportation
 l - a scroll of brand weapon {unknown}
 q - 2 scrolls of immolation
 t - 3 scrolls of amnesia
 y - 3 scrolls of enchant armour
Potions
 b - 2 potions of magic
 i - 2 potions of brilliance
 k - 4 potions of ambrosia {unknown}
 n - a potion of might {unknown}
 o - 3 potions of attraction
 s - 4 potions of flight
 x - 2 potions of curing
 C - 3 potions of mutation


   Skills:
 - Level 7.0 Fighting
 - Level 1.7 Dodging
 - Level 1.7 Stealth
 - Level 7.4 Spellcasting
 + Level 15.4 Necromancy


You had 15 spell levels left.
You knew the following spells:

 Your Spells              Type           Power      Damage    Failure   Level
a - Necrotise             Necr           100%       1d9       0%          1
b - Vampiric Draining     Necr           64%        2d10      1%          3
c - Animate Dead          Necr           64%        N/A       1%          4
d - Kiss of Death         Conj/Necr      100%       2d13      1%          1

Your spell library contained the following spells:

 Spells                   Type           Power      Damage    Failure   Level
 Cigotuvi's Dreadful Rot  Necr/Pois/Air  58%        N/A       1%          2
 Agony                    Necr           64%        N/A       1%          5
 Sting                    Tmut/Pois      28%        1d4       9%          1
 Poisonous Vapours        Pois/Air       14%        N/A       13%         2
 Call Canine Familiar     Summ           7%         N/A       26%         3
 Confusing Touch          Hex            7%         N/A       26%         3
 Gell's Gravitas          Tloc           7%         N/A       26%         3
 Lesser Beckoning         Tloc           14%        N/A       26%         3
 Portal Projectile        Hex/Tloc       14%        N/A       26%         3
 Teleport Other           Tloc           7%         N/A       26%         3
 Cause Fear               Hex            3%         N/A       63%         4
 Leda's Liquefaction      Hex/Erth       3%         N/A       63%         4
 Olgreb's Toxic Radiance  Pois           7%         N/A       63%         4
 Summon Mana Viper        Hex/Summ       7%         N/A       93%         5
 Eringya's Noxious Bog    Tmut/Pois      3%         N/A       100%        6
 Dragon Form              Tmut           3%         N/A       100%        7
 Dragon's Call            Summ           3%         N/A       100%        9


Dungeon Overview and Level Annotations

Branches:
Dungeon (10/15)            Temple (1/1) D:4            Lair (0/5) D:10
    Orc: D:9-12

Altars:
Ashenzari
Cheibriados
Dithmenos
Fedhas
Gozag
Hepliaklqana
Kikubaaqudgha
Makhleb
Nemelex Xobeh
Okawaru
Ru
Sif Muna
Trog
Uskayaw
Vehumet
Wu Jian
Xom

Shops:
D:5 [

Annotations:
D:8 Amaemon
D:10 exclusion: oklob plant


Innate Abilities, Weirdness & Mutations

You have sharp fingernails.
You are mostly covered in yellow scales. (AC +3)
You regenerate magic rapidly.
Spells you cast may paralyse adjacent enemies.


Message History

The orange demon hits you.
* * * LOW HITPOINT WARNING * * *
You feel as though you will be weak longer.
The orange demon completely misses you. The orange demon barely misses you.
You feel better. The orange demon closely misses you.
The orange demon barely misses you.
You hit the orange demon.
The orange demon is almost dead.
The orange demon barely misses you.
The orange demon hits you but does no damage.
Okay, then.
You barely miss the orange demon. You claw the orange demon.
The orange demon is almost dead.
The orange demon stings you!
* * * LOW HITPOINT WARNING * * *
You are lethally poisoned!
The orange demon poisons you!
The orange demon hits you but does no damage.
You feel better. The orange demon misses you. The orange demon hits you.
* * * LOW HITPOINT WARNING * * *
You barely miss the orange demon.
The orange demon is almost dead.
The orange demon misses you.
The orange demon hits you but does no damage.
Okay, then.
You hit the orange demon but do no damage.
The orange demon is almost dead.
The orange demon stings you.
* * * LOW HITPOINT WARNING * * *
The orange demon barely misses you.
Okay, then.
You hit the orange demon but do no damage.
The orange demon is almost dead.
The orange demon barely misses you. The orange demon closely misses you.
Okay, then.
You barely miss the orange demon.
The orange demon is almost dead.
The orange demon stings you!
You die...
Kikubaaqudgha rasps: "You have failed me!
Welcome... death!"

.....#...≈...#.###...#
....#..#...#..#. #...#
#.## .##P..##.#. #...#
#. #..PPP.... . #...#
# #≈.PP>PP.≈ ..#...#
.PPPP... #...#
#PPP##.####...#
.#...#..#..4...####
...≈...#..@.......#
..###.............#
..................#
..................#
..................#
##.....############
#..... #...## #...


You could see an orange demon.

Vanquished Creatures
  A two-headed ogre (D:9)
  Joseph (D:7)
  2 unseen horrors (D:7)
  2 trolls
  A hornet (D:9)
  Prince Ribbit (D:7)
  2 wyverns
  A shadow (D:7)
  6 yaks (D:9)
  An acid dragon (D:9)
  2 water moccasins
  Duvessa (D:7)
  2 orc warriors
  A sky beast (D:8)
  2 ice beasts
  A black bear (D:5)
  3 ogres
  2 phantoms (D:4)
  2 centaurs
  2 kobold brigands
  6 bullfrogs
  7 scorpions
  5 wights
  Dowan (D:7)
  4 killer bees (D:9)
  A howler monkey (D:8)
  An orc priest (D:10)
  2 hounds
  2 jellies
  5 iguanas
  7 orc wizards
  Robin (D:3)
  7 adders
  2 shadow imps
  2 ufetubi
  3 worms
  4 dart slugs
  24 orcs
  4 ball pythons
  9 endoplasms
  14 goblins
  13 hobgoblins
  5 jackals
  2 quokkas
  3 bats
  3 frilled lizards
  15 kobolds
  2 rats
190 creatures vanquished.

Vanquished Creatures (collateral kills)
  Psyche (D:9)
  A troll (D:9)
  4 yaks (D:9)
  A scorpion (D:5)
  2 wights
  A killer bee (D:9)
  A dart slug (D:3)
  3 goblins (D:3)
  A hobgoblin (D:3)
  2 frilled lizards (D:3)
  A rat (D:2)
18 creatures vanquished.

Vanquished Creatures (others)
  A hydra (D:7)
  A centaur warrior (D:7)
  A troll (D:6)
  A hornet (D:6)
  A basilisk (D:7)
  An ice beast (D:7)
  5 yak zombies (D:9)
  A troll zombie (D:10)
  A killer bee zombie (D:9)
  An acid dragon zombie (D:9)
  2 elf zombies (D:7)
  An endoplasm (D:7)
  3 kobold zombies (D:10)
  14 orc zombies
  4 fungi (D:8)
  A plant (D:10)
39 creatures vanquished.

Grand Total: 247 creatures vanquished

Notes
Turn   | Place    | Note
-------+----------+-------------------------------------------
     0 | D:1      | PyroL the Demonspawn Necromancer began the quest for the
                  | Orb.
     0 | D:1      | Reached XP level 1. HP: 13/13 MP: 3/3
   266 | D:1      | Gained mutation: Spells you cast may paralyse adjacent
                  | enemies. [demonic ancestry]
   266 | D:1      | Reached XP level 2. HP: 19/19 MP: 1/5
  1053 | D:2      | Reached skill level 5 in Necromancy
  1053 | D:2      | Reached XP level 3. HP: 24/24 MP: 2/7
  1057 | D:2      | Learned a level 3 spell: Vampiric Draining
  1399 | D:3      | Noticed an ice beast
  1407 | D:3      | Killed an ice beast
  1408 | D:3      | Reached XP level 4. HP: 30/30 MP: 3/9
  1408 | D:3      | Gained mutation: You regenerate magic rapidly. [demonic
                  | ancestry]
  1408 | D:3      | Reached XP level 5. HP: 35/35 MP: 3/10
  1413 | D:3      | Learned a level 4 spell: Animate Dead
  1444 | D:3      | Noticed Robin
  1488 | D:3      | Killed Robin
  1489 | D:3      | Reached skill level 6 in Necromancy
  1927 | D:3      | Got Urhoulao's Lessons on Beguiling and the Spider
  2161 | D:4      | Reached XP level 6. HP: 41/41 MP: 9/12
  2357 | D:4      | Found a burning altar of Makhleb.
  2564 | D:4      | Reached skill level 5 in Spellcasting
  2564 | D:4      | Reached skill level 7 in Necromancy
  2596 | D:4      | Found a sacrificial altar of Ru.
  2810 | D:4      | Gained mutation: You have sharp fingernails. [demonic
                  | ancestry]
  2810 | D:4      | Reached XP level 7. HP: 32/46 MP: 14/14
  3074 | D:4      | Found a staircase to the Ecumenical Temple.
  3149 | Temple   | Entered the Ecumenical Temple
  3159 | Temple   | Became a worshipper of Kikubaaqudgha
  3736 | D:5      | Entered Level 5 of the Dungeon
  3861 | D:5      | Reached skill level 8 in Necromancy
  3996 | D:5      | Found Sumum's Armour Boutique.
  4092 | D:5      | Reached XP level 8. HP: 48/52 MP: 10/17
  4430 | D:5      | Identified the ring "Kukushar" {rF+ rCorr SInv}
  4434 | D:5      | Reached * piety under Kikubaaqudgha
  4434 | D:5      | Received a gift from Kikubaaqudgha
  4435 | D:5      | Reached skill level 9 in Necromancy
  4437 | D:5      | Learned a level 1 spell: Kiss of Death
  4872 | D:6      | Found a shadowy altar of Dithmenos.
  5631 | D:6      | Reached skill level 1 in Fighting
  5790 | D:7      | Reached skill level 10 in Necromancy
  5790 | D:7      | Reached XP level 9. HP: 48/62 MP: 18/20
  5867 | D:7      | Noticed Duvessa
  5868 | D:7      | Noticed Dowan
  5880 | D:7      | Killed Duvessa
  5888 | D:7      | Killed Dowan
  6008 | D:7      | Noticed Prince Ribbit
  6029 | D:7      | Killed Prince Ribbit
  6083 | D:7      | Your ally Duvessa died
  6084 | D:7      | Your ally Dowan died
  6659 | D:7      | Noticed Joseph
  7505 | D:7      | Reached skill level 5 in Fighting
  8067 | D:8      | Noticed Amaemon
  8072 | D:8      | Noticed an orange demon
  8268 | D:8      | Reached skill level 11 in Necromancy
  8792 | D:9      | Reached ** piety under Kikubaaqudgha
  8890 | D:9      | Gained mutation: You are partially covered in yellow
                  | scales. (AC +2) [demonic ancestry]
  8890 | D:9      | Reached XP level 10. HP: 58/79 MP: 15/21
  9044 | D:9      | Reached skill level 12 in Necromancy
  9110 | D:9      | Noticed Psyche
  9137 | D:9      | Killed Psyche
  9571 | D:9      | Reached skill level 13 in Necromancy
 10122 | D:9      | Reached skill level 14 in Necromancy
 10281 | D:9      | Noticed a two-headed ogre
 10905 | D:7      | Killed Joseph
 11967 | D:9      | Killed a two-headed ogre
 11968 | D:9      | Reached skill level 15 in Necromancy
 11968 | D:9      | Gained mutation: You are mostly covered in yellow scales.
                  | (AC +3) [demonic ancestry]
 11968 | D:9      | Reached XP level 11. HP: 72/80 MP: 12/22
 12217 | D:10     | Entered Level 10 of the Dungeon
 12439 | D:10     | Noticed an oklob plant
 12499 | D:10     | Found a staircase to the Lair.
 12843 | D:10     | Slain by an orange demon

Illustrated notes

Levels and vault maps discovered:
D:1:      minmay_arrival_three_doors, layout_rooms
D:2:      layout_basic, reono_crystal_passage
D:3:      layout_basic, grunt_decor_mini_mirrors, uniq_robin
D:4:      kennysheep_six_static_rooms, layout_basic, lemuel_crystal_altar,
          hangedman_ru_absence, minmay_temple_entry_enclosed_plants,
          kennysheep_generic_room_5
D:5:      layout_basic, serial_shops, nicolae_shop_behind_doors
D:6:      layout_gridville, nicolae_dithmenos_shadow_blocks
D:7:      minmay_blocky_corners, layout_rooms, uniq_joseph, uniq_duvessa,
          uniq_prince_ribbit1
D:8:      layout_cave_pools, serial_park, serial_park_square3
          [serial_park_minivault_5x5_6], serial_park_gazebo
          [serial_park_minivault_5x5_2], serial_park_tiny_1, uniq_amaemon
D:9:      layout_basic, uniq_psyche
D:10:     layout_irregular_city, nicolae_overflow_squiral, dpeg_oklobed_lair,
          serial_shops, shop, kennysheep_flooded_box, minmay_beelzebubs_servants
Temple:   nicolae_temple_bog_church

Skill      XL: |  1  2  3  4  5  6  7  8  9 10 |
---------------+-------------------------------+-----
Necromancy     | 5 6 7 8 10 11 15 | 15.4
Spellcasting   | 3 4 5 6 7 |  7.4
Fighting       | 2 7 |  7.0
Dodging        | |  1.7
Stealth        | |  1.7

Action                   |  1- 3 |  4- 6 |  7- 9 | 10-12 || total
-------------------------+-------+-------+-------+-------++-------
Melee: Unarmed           |    12 |       |       |    18 ||    30
       Club              |    10 |       |       |       ||    10
       War axe           |     1 |    19 |       |       ||    20
       Spear             |       |    43 |   196 |   167 ||   406
       Punch             |       |     2 |     2 |     3 ||     7
 Cast: Necrotise         |    48 |    79 |   220 |   141 ||   488
       Vampiric Draining |       |     5 |    16 |    18 ||    39
       Animate Dead      |       |       |     7 |    10 ||    17
       Kiss of Death     |       |       |       |     1 ||     1
Invok: Unearth Wretches  |       |       |       |     3 ||     3
  Use: Scroll            |       |       |    15 |       ||    15
       Potion            |       |       |     3 |     4 ||     7
 Stab: Sleeping          |     1 |     3 |       |     1 ||     5
       Paralysed         |       |    10 |    18 |    18 ||    46
       Distracted        |       |     1 |       |       ||     1
Armor: Robe              |     2 |     9 |    32 |    25 ||    68
Dodge: Dodged            |    21 |    39 |   198 |   158 ||   416

Table legend: (Time is in decaauts)
 A = Elapsed time spent in this place.
 B = Non-inter-level travel time spent in this place.
 C = Inter-level travel time spent in this place.
 D = Time resting spent in this place.
 E = Time spent auto-exploring this place.
 F = Levels seen in this place.
 G = Mean time per level.
                   A        B        C        D        E       F      G
               +--------+--------+--------+--------+--------+-----+--------+
         Total |  12912 |  12417 |    495 |   3827 |   6387 |  11 | 1173.8 |
       Dungeon |  12715 |  12228 |    487 |   3827 |   6219 |  10 | 1271.5 |
        Temple |    197 |    190 |      7 |      0 |    168 |   1 |  197.0 |
               +--------+--------+--------+--------+--------+-----+--------+

Top non-repeatable levels by time:
     D:9: 2617 daAuts
     D:6: 2541 daAuts
     D:7: 2197 daAuts
     D:4: 1434 daAuts
     D:5: 885 daAuts
     D:3: 770 daAuts
     D:2: 738 daAuts
     D:8: 620 daAuts
     D:1: 618 daAuts
    D:10: 292 daAuts
  Temple: 197 daAuts
